 Dungeon Crawl Stone Soup version 0.17-a0-794-gbaecb48 (webtiles) character file.

6661 FedoraBrony69 the Thaumaturge (level 10, -1/50 HPs)
             Began as a Deep Elf Conjurer on Apr 26, 2015.
             Was a Follower of Vehumet.
             Slain by an orc warrior
             ... wielding a +0 scimitar
              (4 damage)
             ... on level 9 of the Dungeon.
             The game lasted 00:28:38 (9456 turns).

FedoraBrony69 the Thaumaturge (Deep Elf Conjurer)   Turns: 9456, Time: 00:28:39

Health: -1/50      AC:  9    Str:  7    XL:     10   Next: 73%
Magic:  0/29       EV: 13    Int: 24    God:    Vehumet [*.....]
Gold:   481        SH:  0    Dex: 15    Spells: 7 memorised, 10 levels left

rFire  + . .     SeeInvis .     x - +11 flail of Pebuanke {freeze, Str+2}
rCold  + . .     Clarity  .     p - +1 robe {rC+ rF+}
rNeg   . . .     SustAb   +     (no shield)
rPois  .         Gourm    .     m - +1 helmet
rElec  .         Spirit   .     f - +0 cloak
rCorr  .         Warding  .     e - +2 pair of gloves
rMut   .         Stasis   .     (no boots)
MR     +....                    (no amulet)
Stlth  ++........               (no ring)
                                C - ring of sustain abilities

@: repel missiles, somewhat resistant to hostile enchantments, unstealthy
A: no striking features
a: Renounce Religion


You were on level 9 of the Dungeon.
You worshipped Vehumet.
Vehumet was aware of your devotion.
You were very hungry.

You visited 2 branches of the dungeon, and saw 10 of its levels.

You collected 481 gold pieces.

Inventory:

Hand weapons
 s - a +2 quarterstaff of protection
 x - the +11 flail of Pebuanke (weapon) {freeze, Str+2}
   (You found it on level 9 of the Dungeon)

   It has been specially enchanted to freeze those struck by it, causing extra
   injury to most foes and up to half again as much damage against particularly
   susceptible opponents.
   It can also slow down cold-blooded creatures.
   It affects your strength (+2).
Armour
 e - a +2 pair of gloves (worn)
 f - a +0 cloak (worn)
 m - a +1 helmet (worn)
 p - a +1 robe of resistance (worn)
 y - a +0 buckler
 I - a cursed +2 robe of magic resistance
 Q - the +3 leather armour of the Last Gods {+Inv rPois rN++ Int-2}
   (You found it on level 5 of the Dungeon)

   It affects your intelligence (-2).
   It protects you from poison.
   It greatly protects you from negative energy.
   It lets you turn invisible.
Jewellery
 g - a +4 ring of protection {unknown}
 u - an uncursed ring of positive energy {unknown}
 C - a ring of sustain abilities (left hand)
Magical devices
 H - a wand of digging (13)
 P - a wand of teleportation (5)
Scrolls
 i - 2 scrolls of teleportation {unknown}
 j - a scroll of fog {unknown}
 l - 2 scrolls of noise {unknown}
 o - a scroll of magic mapping {unknown}
 q - 5 scrolls of identify {unknown}
 r - 3 scrolls of amnesia {unknown}
 v - 2 scrolls of recharging {unknown}
 w - a scroll of random uselessness {unknown}
 E - a scroll of immolation {unknown}
 M - a scroll of enchant weapon {unknown}
 N - 2 scrolls of remove curse {unknown}
Potions
 a - 2 potions of lignification {unknown}
 d - 2 potions of degeneration {unknown}
 h - 2 potions of mutation {unknown}
 z - a potion of beneficial mutation {unknown}
 A - a potion of might {unknown}
 D - 2 potions of magic {unknown}
 G - 2 potions of curing {unknown}
 K - a potion of brilliance {unknown}
 T - a potion of agility {unknown}
 W - a potion of cancellation {unknown}
 Y - a potion of restore abilities {unknown}
 Z - 2 potions of ambrosia {unknown}
Books
 b - a book of Conjurations

   Spells                             Type                      Level
   a - Magic Dart                     Conjuration                  1
   b - Searing Ray                    Conjuration                  2
   c - Dazzling Spray                 Conjuration/Hexes            3
   d - Fulminant Prism                Conjuration/Hexes            4
   e - Iskenderun's Mystic Blast      Conjuration                  4
   f - Iskenderun's Battlesphere      Conjuration/Charms           5
 t - a book of Minor Magic

   Spells                             Type                      Level
   a - Magic Dart                     Conjuration                  1
   b - Blink                          Translocation                2
   c - Call Imp                       Summoning                    2
   d - Repel Missiles                 Charms/Air                   2
   e - Slow                           Hexes                        2
   f - Conjure Flame                  Conjuration/Fire             3
   g - Mephitic Cloud                 Conjuration/Poison/Air       3
 S - a book of Ice

   Spells                             Type                      Level
   a - Ice Form                       Ice/Transmutation            4
   b - Metabolic Englaciation         Hexes/Ice                    5
   c - Ozocubu's Refrigeration        Ice                          6
   d - Bolt of Cold                   Conjuration/Ice              6
   e - Freezing Cloud                 Conjuration/Ice/Air          6
   f - Simulacrum                     Ice/Necromancy               6
 V - a book of Dreams

   Spells                             Type                      Level
   a - Ensorcelled Hibernation        Hexes/Ice                    2
   b - Flight                         Charms/Air                   3
   c - Phase Shift                    Translocation                5
   d - Shadow Creatures               Summoning                    5
   e - Mass Confusion                 Hexes                        6
   f - Darkness                       Hexes                        7
Comestibles
 c - 9 bread rations
 k - 10 meat rations
 n - 3 beef jerkies
 B - 33 fruits
 R - a slice of pizza


   Skills:
 - Level 2.4 Dodging
 - Level 2.4 Stealth
 * Level 13.5 Spellcasting
 - Level 10.3 Conjurations
 - Level 9.0 Charms
 * Level 7.3 Ice Magic


You had 10 spell levels left.
You knew the following spells:

 Your Spells              Type           Power        Failure   Level  Hunger
a - Magic Dart            Conj           ####         1%          1    None
b - Iskenderun's Battles  Conj/Chrm      ######..     1%          5    ###....
c - Iskenderun's Mystic   Conj           ######..     1%          4    None
d - Repel Missiles        Chrm/Air       #####.       1%          2    None
e - Blink                 Tloc           N/A          8%          2    None
f - Freezing Cloud        Conj/Ice/Air   #####.....   58%         6    #####..
g - Bolt of Cold          Conj/Ice       ######....   17%         6    #####..


Dungeon Overview and Level Annotations

Branches:
Dungeon (9/15)             Temple (1/1) D:5
   Lair: D:8-11         Orc: D:9-12

Altars:
Ashenzari
Cheibriados
Dithmenos
Elyvilon
Fedhas
Gozag
Kikubaaqudgha
Makhleb
Nemelex Xobeh
Okawaru
Qazlal
Ru
Sif Muna
Trog
Vehumet
Xom
Yredelemnul
Zin
The Shining One

Shops:
D:7 %   D:9 %


Message History

Read which item? (? for menu, Esc to quit)
Okay, then.
Casting: Magic Dart
Confirm with . or Enter, or press ? or * to list all spells.
Aiming: Iskenderun's Mystic Blast
Press: ? - help, Shift-Dir - straight line, f/p - orc warrior
Aim: an orc warrior, wielding a scimitar and wearing a plate armour (severely wounded)
Okay, then.
Casting: Iskenderun's Mystic Blast
Confirm with . or Enter, or press ? or * to list all spells.
Aiming: Iskenderun's Mystic Blast
Press: ? - help, Shift-Dir - straight line, f/p - orc warrior
Aim: an orc warrior, wielding a scimitar and wearing a plate armour (severely wounded)
The orb of energy hits the orc warrior.
The orc warrior is severely wounded.
The orb of energy explodes!
The mystic blast hits the orc.
You kill the orc!
Vehumet accepts your kill.
The orc warrior hits you with a scimitar.
You die...

#............## #...#
#.............### ##...#
##...............###..>.# #
#..................#....## #
..............o..........# #
.........#...............# ###
........##.......).......######..
.......###......o.........#......
.......###......@..............##
......###.......<...........####
.......##.................###
.......#................###
..............########..#
............... #..#
...........###.# #..#
####.......#ยง#.# #..# #
####....###.# ##..##


You could see an orc warrior and an orc.

Vanquished Creatures
  Erolcha (D:8)
  Pikel (D:7)
  Psyche (D:8)
  Grinder (D:3)
  Prince Ribbit (D:5)
  Sigmund (D:3)
  A wyvern (D:8)
  A shadow (D:8)
  A deep elf mage (D:9)
  A hippogriff (D:8)
  Menkaure (D:6)
  2 black bears
  3 ice beasts
  5 ogres
  A slave (D:7)
  A sky beast (D:7)
  3 orc warriors
  A phantom (D:7)
  A necrophage (D:8)
  A wasp (D:9)
  8 big kobolds (D:8)
  2 centaurs
  Blork the orc (D:5)
  A wyvern zombie (D:8)
  3 giant frogs
  A wyvern skeleton (D:8)
  A scorpion (D:5)
  10 orc wizards
  3 wights (D:7)
  3 crimson imps
  3 orc priests
  A jelly (D:6)
  A giant frog zombie (D:6)
  Crazy Yiuf (D:3)
  Ijyb (D:2)
  A giant frog skeleton (D:7)
  3 iguanas
  10 worker ants
  A hound zombie (D:7)
  A worker ant zombie (D:9)
  Robin (D:1)
  6 adders
  3 gnolls (D:3)
  A river rat (D:3)
  2 oozes
  6 worms
  3 giant geckos
  40 orcs
  2 ball pythons (D:3)
  A bat zombie (D:5)
  6 giant cockroaches
  21 goblins
  13 hobgoblins
  4 jackals (D:3)
  26 kobolds
  5 quokkas
  18 bats
  A giant cockroach zombie (D:5)
  2 giant newts (D:1)
  A giant spore (D:8)
  16 rats
  A ballistomycete (D:8)
264 creatures vanquished.

Vanquished Creatures (others)
  2 orcs
  A kobold (D:7)
  A quokka (D:7)
4 creatures vanquished.

Grand Total: 268 creatures vanquished

Notes
Turn   | Place    | Note
--------------------------------------------------------------
     0 | D:1      | FedoraBrony69, the Deep Elf Conjurer, began the quest for the Orb.
     0 | D:1      | Reached XP level 1. HP: 10/10 MP: 6/6
   227 | D:1      | Reached XP level 2. HP: 15/15 MP: 1/8
  1017 | D:2      | Reached skill level 5 in Conjurations
  1177 | D:2      | Reached XP level 3. HP: 19/19 MP: 4/10
  1308 | D:2      | Noticed Robin
  1323 | D:1      | Killed Robin
  1404 | D:1      | Reached XP level 4. HP: 24/24 MP: 0/12
  1565 | D:2      | Learned a level 4 spell: Iskenderun's Mystic Blast
  1976 | D:2      | Noticed Ijyb
  1981 | D:2      | Killed Ijyb
  1981 | D:2      | Reached skill level 5 in Spellcasting
  2142 | D:3      | Reached XP level 5. HP: 28/28 MP: 5/14
  2159 | D:3      | Learned a level 5 spell: Iskenderun's Battlesphere
  2193 | D:3      | Noticed Sigmund
  2303 | D:3      | Killed Sigmund
  2303 | D:3      | Reached skill level 6 in Spellcasting
  2303 | D:3      | Reached XP level 6. HP: 28/32 MP: 0/17
  2398 | D:3      | Noticed Grinder
  2489 | D:3      | Killed Grinder
  2559 | D:3      | Reached XP level 7. HP: 34/36 MP: 7/19
  2580 | D:3      | Reached skill level 7 in Spellcasting
  2715 | D:3      | Found a shadowy altar of Dithmenos.
  2991 | D:3      | Noticed Crazy Yiuf
  2993 | D:3      | Killed Crazy Yiuf
  3588 | D:4      | Reached skill level 5 in Charms
  4008 | D:4      | Learned a level 2 spell: Repel Missiles
  4011 | D:4      | Learned a level 2 spell: Blink
  4357 | D:5      | Entered Level 5 of the Dungeon
  4398 | D:5      | Reached XP level 8. HP: 37/41 MP: 2/21
  4534 | D:5      | Found a glowing silver altar of Zin.
  4541 | D:5      | Found a snail-covered altar of Cheibriados.
  4558 | D:5      | Found a staircase to the Ecumenical Temple.
  4564 | Temple   | Entered the Ecumenical Temple
  4693 | D:5      | You fall through a shaft for 3 floors!
  4695 | D:8      | Reached skill level 8 in Spellcasting
  5142 | D:8      | Noticed Psyche
  5153 | D:8      | Killed Psyche
  5153 | D:8      | Reached skill level 9 in Spellcasting
  5459 | D:7      | Reached XP level 9. HP: 45/45 MP: 11/24
  5480 | D:6      | Found a blossoming altar of Fedhas.
  5481 | D:6      | Found a sparkling altar of Nemelex Xobeh.
  5541 | D:6      | Noticed Menkaure
  5545 | D:6      | Killed Menkaure
  5545 | D:6      | Reached skill level 10 in Spellcasting
  5869 | D:5      | Found a white marble altar of Elyvilon.
  5873 | D:5      | Noticed Prince Ribbit
  5878 | D:5      | Killed Prince Ribbit
  5931 | D:5      | Found a blossoming altar of Fedhas.
  5950 | D:5      | Noticed Blork the orc
  5954 | D:5      | Killed Blork the orc
  5964 | D:5      | Got a transparent leather armour
  6025 | D:5      | Identified the +3 leather armour of the Last Gods {+Inv rPois rN++ Int-2} (You found it on level 5 of the Dungeon)
  6708 | D:7      | Learned a level 6 spell: Freezing Cloud
  6716 | D:7      | Found Wiyps's Food Shoppe.
  6719 | D:7      | Reached skill level 11 in Spellcasting
  6764 | D:7      | Noticed Pikel
  6802 | D:7      | Killed Pikel
  6802 | D:7      | Reached skill level 10 in Conjurations
  7314 | D:7      | Found a bloodstained altar of Trog.
  7555 | D:7      | Reached XP level 10. HP: 50/50 MP: 18/27
  7840 | D:8      | Reached skill level 12 in Spellcasting
  7867 | D:8      | Found a radiant altar of Vehumet.
  7871 | D:8      | Noticed Erolcha
  7875 | D:8      | Killed Erolcha
  7875 | D:8      | Reached skill level 5 in Ice Magic
  7885 | D:8      | Became a worshipper of Vehumet
  8486 | D:8      | Reached skill level 13 in Spellcasting
  8495 | D:8      | Learned a level 6 spell: Bolt of Cold
  8591 | D:8      | Acquired Vehumet's first power
  8591 | D:8      | Offered knowledge of Shock by Vehumet.
  9167 | D:9      | Found Vowuibrin's Food Shoppe.
  9390 | D:9      | Got an ancient flail
  9391 | D:9      | Identified the +11 flail of Pebuanke {freeze, Str+2} (You found it on level 9 of the Dungeon)
  9451 | D:9      | HP: 2/50 [orc warrior/scimitar (10)]
  9456 | D:9      | Slain by an orc warrior

Action                   |  1- 3 |  4- 6 |  7- 9 | 10-12 || total
-------------------------+-------+-------+-------+-------++-------
Melee: Unarmed           |     1 |     2 |       |       ||     3
       Dagger            |    11 |       |       |       ||    11
       Quarterstaff      |       |     8 |    88 |     9 ||   105
       Flail             |       |       |       |     2 ||     2
 Cast: Magic Dart        |    87 |    50 |   272 |    76 ||   485
       Iskenderun's Myst |       |    10 |    69 |    41 ||   120
       Iskenderun's Batt |       |       |     9 |     8 ||    17
       Repel Missiles    |       |       |     1 |       ||     1
  Eat: Chunk             |     1 |     5 |    19 |     6 ||    31
